AoeStats
← RedPhosphoru

MegaRandom

508916255Analyzed
2v2 RM · 8d ago on Sep 24, 2026· 23m 53s· 4 players
Game mode
Random Map
Map size
Medium (4 player)
Population
200
Speed
Normal
Resources
Standard
Victory
Conquest
Starting age
Dark Age
Ending age
Imperial Age
RankedLock teamsTeams togetherTeam positionsShared explorationLock speedFull tech treeHidden civsTurbo modeCheats
Victory
Defeat
🇺🇸 Tatars · United States
1850
+11
🇩🇪 Khitans · Germany
1542
+24
🇹🇷 Mongols · Türkiye
1738
-18
🇹🇷 Varangians · Türkiye
1717
-17
StKunduz
6:07 Loom
8:38 Feudal Age
9:29 Double-Bit Axe
17:06 Bloodlines
23:45 Castle Age
22:14 Forging
24:30 Scale Barding Armor
Çıkmaz Sokak
8:24 Loom
10:34 Feudal Age
14:49 Castle Age
15:17 Double-Bit Axe
15:38 Scale Barding Armor
15:58 Forging
RedPhosphoru
9:24 Loom
11:52 Feudal Age
15:49 Castle Age
13:45 Gold Mining
13:58 Double-Bit Axe
15:36 Bloodlines
15:38 Stone Mining
16:04 Forging
16:00 Scale Barding Armor
16:45 Husbandry
17:23 Iron Casting
19:10 Chain Barding Armor
MatzeAoE
9:27 Loom
13:03 Feudal Age
16:13 Gold Mining
Connection lost

Rejoining the realm…

Still unreachable

The connection could not be restored.

Session expired

The server has moved on; the page needs a fresh start.